AoeStats
← taki英语课睡觉

Pilgrims

509518178Analyzed
3v3 RM · 6d ago on Sep 27, 2026· 17m 27s· 6 players
Game mode
Random Map
Map size
Normal (6 player)
Population
200
Speed
Normal
Resources
Standard
Victory
Conquest
Starting age
Dark Age
Ending age
Imperial Age
RankedLock teamsTeams togetherTeam positionsShared explorationLock speedFull tech treeHidden civsTurbo modeCheats
Victory
Defeat
🇳🇿 Malians · New Zealand
1282
+15
🇧🇷 Japanese · Brazil
1265
+16
🇨🇴 Saracens · Colombia
1217
+18
🇨🇳 Bengalis · China
1272
-17
1257
-16
🇭🇰 Georgians · Hong Kong SAR China
1243
-16
Soyo不用學英文
3:22 Loom
11:17 Feudal Age
11:43 Double-Bit Axe
11:50 Fishing Lines
12:17 Town Watch
13:08 Forging
17:25 Horse Collar
taki英语课睡觉
10:56 Feudal Age
14:50 Castle Age
12:44 Fishing Lines
12:54 Double-Bit Axe
13:39 Stone Mining
14:35 Forging
17:25 Iron Casting
16:55 Scale Barding Armor
以前我带你们游牧
3:16 Loom
11:48 Feudal Age
13:03 Town Watch
15:47 Castle Age
14:12 Fishing Lines
14:18 Double-Bit Axe
Ronie
9:06 Loom
15:25 Feudal Age
16:43 Wheelbarrow
15:32 Man-at-Arms
16:02 Horse Collar
16:36 Double-Bit Axe
molina_229
6:24 Loom
11:39 Feudal Age
13:06 Double-Bit Axe
15:36 Castle Age
Gingerpatches
4:37 Loom
11:23 Feudal Age
15:07 Castle Age
12:56 Double-Bit Axe
14:26 Horse Collar
16:29 Bow Saw
Connection lost

Rejoining the realm…

Still unreachable

The connection could not be restored.

Session expired

The server has moved on; the page needs a fresh start.